 Dungeon Crawl Stone Soup version 0.26-a0-846-gcc8f1ee719 (webtiles) character file.

Game seed: 8615483452189367518

58 jiml777 the Gusty (level 3, -3/19 HPs)
             Began as a Deep Elf Air Elementalist on Nov 20, 2020.
             Slain by a gnoll
             ... wielding a +0 flail
              (9 damage)
             ... on level 2 of the Dungeon.
             The game lasted 00:12:16 (1519 turns).

jiml777 the Gusty (Deep Elf Air Elementalist)       Turns: 1519, Time: 00:12:16

Health: -3/19      AC:  3    Str:  5    XL:     3   Next: 76%
Magic:  1/10       EV: 13    Int: 20    God:
Gold:   28         SH:  0    Dex: 15    Spells: 3/9 levels left

rFire    . . .     SeeInvis .   e - +0 dagger
rCold    . . .     Faith    .   (no shield)
rNeg     . . .     Spirit   .   f - +0 robe
rPois    .         Reflect  .   (no helmet)
rElec    .         Harm     .   (no cloak)
rCorr    .         Rampage  .   (no gloves)
MR       .....                  d - +0 pair of boots
Stlth    ++........             (no amulet)
HPRegen  0.06/turn              (no ring)
MPRegen  0.12/turn              (no ring)

@: attractive
A: no striking features
a: no special abilities


You were on level 2 of the Dungeon.
You visited 1 branch of the dungeon, and saw 2 of its levels.

You collected 28 gold pieces.

Inventory:

Hand Weapons
 e - a +0 dagger (weapon)
Missiles
 a - 2 throwing nets (quivered)
Armour
 d - a +0 pair of boots (worn)
 f - a +0 robe (worn)
Scrolls
 c - a scroll of immolation {unknown}
 h - 2 scrolls of identify {unknown}
 i - 3 scrolls of remove curse {unknown}
 k - a scroll of teleportation {unknown}


   Skills:
 + Level 2.7 Dodging
 + Level 2.7 Stealth
 + Level 3.8 Spellcasting
 + Level 2.0 Conjurations
 + Level 3.8 Air Magic


You had 3 spell levels left.
You knew the following spells:

 Your Spells              Type           Power        Failure   Level
a - Shock                 Conj/Air       ###.         4%          1
b - Swiftness             Air            ###.....     4%          2
c - Static Discharge      Conj/Air       ###.....     12%         3

Your spell library contained the following spells:

 Spells                   Type           Power        Failure   Level
 Airstrike                Air            ###.......   26%         4
 Lightning Bolt           Conj/Air       ###.......   73%         5


Dungeon Overview and Level Annotations

Branches:
Dungeon (2/15)

Altars:


Message History

You don't have enough magic to cast that spell.
Unknown command.
It was a potion of curing.
You feel better.
A quokka comes into view.
The gnoll hits you but does no damage.
It was a potion of attraction.
You feel attractive to monsters. The quokka is pulled toward you!
The worm is pulled toward you! The quokka closely misses you.
The gnoll hits you with a +0 flail!
Ouch! That really hurt!
You hit the gnoll but do no damage.
The gnoll is heavily wounded.
The quokka barely misses you.
You hit the gnoll.
The gnoll is severely wounded.
The gnoll misses you. The quokka bites you.
You hit the gnoll but do no damage.
The gnoll is severely wounded.
The quokka misses you. The gnoll hits you with a +0 flail!
You die...

#.####
#......##..#
#.#
#.##...#...####
#.#
#.#.#.........#
#.#
#.#...#.##.##.#
#.#
#.#.)##.##.# #
#.#
#.##...###.#
#.# #w##.###
#.#
#g##.#####.#
#.@........#
#.#r.#######
#.#..(# ## ..##
..# ... .?# ##


You could see a worm, a gnoll and a quokka.

Vanquished Creatures
  2 gnolls (D:2)
  A worm (D:2)
  8 bats
  A giant cockroach (D:1)
  10 goblins
  5 hobgoblins
  4 kobolds
  2 frilled lizards (D:1)
  2 rats (D:1)
35 creatures vanquished.

Notes
Turn   | Place    | Note
-------+----------+-------------------------------------------
     0 | D:1      | jiml777 the Deep Elf Air Elementalist began the quest for
                  | the Orb.
     0 | D:1      | Reached XP level 1. HP: 10/10 MP: 6/6
     2 | D:1      | Noticed a troll
     2 | D:1      | Noticed a minotaur
     4 | D:1      | Noticed a dwarf
     4 | D:1      | Noticed a draconian
     6 | D:1      | Noticed a demonspawn
     6 | D:1      | Noticed a merfolk
     8 | D:1      | Noticed a centaur
     8 | D:1      | Noticed a vine stalker
    10 | D:1      | Noticed a formicid
    10 | D:1      | Noticed a felid
    12 | D:1      | Noticed a spriggan
    14 | D:1      | Noticed an ogre
    14 | D:1      | Noticed an elf
    16 | D:1      | Noticed a vampire
    16 | D:1      | Noticed a tengu
    18 | D:1      | Noticed a demigod
    20 | D:1      | Noticed a ghoul
    20 | D:1      | Noticed an octopode
    22 | D:1      | Noticed a human
    24 | D:1      | Noticed a gargoyle
    24 | D:1      | Noticed a halfling
    26 | D:1      | Noticed a naga
   363 | D:1      | Reached XP level 2. HP: 15/15 MP: 5/8
  1278 | D:1      | Reached XP level 3. HP: 19/19 MP: 7/9
  1470 | D:2      | Learned a level 2 spell: Swiftness
  1474 | D:2      | Learned a level 3 spell: Static Discharge
  1519 | D:2      | Slain by a gnoll

Illustrated notes

Levels and vault maps discovered:
D:1:      kb_arrival_jail, layout_loops_corners, minmay_tetromino_t4
D:2:      layout_loops_ring, uniq_jessica

Skill      XL: |  1  2  3 |
---------------+----------+-----
Conjurations   | 2 |  2.0
Dodging        | |  2.7
Stealth        | |  2.7
Spellcasting   | |  3.8
Air Magic      | |  3.8

Action                   || total
-------------------------++-------
Melee: Dagger            ||     3
 Cast: Shock             ||    73
  Use: Potion            ||     4
Armor: Robe              ||     2
Dodge: Dodged            ||    18

Table legend: (Time is in decaauts)
 A = Elapsed time spent in this place.
 B = Non-inter-level travel time spent in this place.
 C = Inter-level travel time spent in this place.
 D = Time resting spent in this place.
 E = Time spent auto-exploring this place.
 F = Levels seen in this place.
 G = Mean time per level.
                   A        B        C        D        E       F      G
               +--------+--------+--------+--------+--------+-----+--------+
         Total |   1518 |   1518 |      0 |    569 |    676 |   2 |  759.0 |
       Dungeon |   1518 |   1518 |      0 |    569 |    676 |   2 |  759.0 |
               +--------+--------+--------+--------+--------+-----+--------+

Top non-repeatable levels by time:
     D:1: 1305 daAuts
     D:2: 212 daAuts
